| TOP OF THE 1ST |
|
Puerto Barrios Generals batting - Pitching for Montego Bay Reefers : RHP Luis Curet
|
|
Pitching: RHP Luis Curet
|
|
|
Batting: LHB Andy Guerrero
|
0-0: Called Strike 0-1: DOUBLE (Line Drive, 8LD, EV 95.0 MPH)
|
|
Batting: RHB Mark Sproesser
|
0-0: Ball 1-0: Ball 2-0: Foul Ball, location: 2F 2-1: Ground out 5-3 (Groundball, 5, EV 83.1 MPH)
|
|
Batting: LHB Ty Gainey
|
0-0: DOUBLE (Line Drive, 89M, EV 91.3 MPH) Andy Guerrero scores
|
|
Batting: LHB Randy Bush
|
0-0: Ground out 5-3 (Groundball, 25, EV 91.3 MPH)
|
|
Batting: LHB Pedro Rabassa
|
0-0: Ball 1-0: Called Strike 1-1: Ball 2-1: Ball 3-1: Base on Balls
|
|
Batting: SHB Doug Baker
|
0-0: Ball 1-0: Swinging Strike 1-1: Foul Ball, location: 2F 1-2: Ball 2-2: SINGLE (Flyball, 9, EV 85.0 MPH) Ty Gainey to third Pedro Rabassa to second Runner from 3rd tries for Home, SAFE, throw by RF to home
|
|
Batting: LHB Martino Martin
|
0-0: Fly out, F8 (Line Drive, 8RD, EV 94.4 MPH)
|
| Top of the 1st over - 2 runs, 3 hits, 0 errors, 2 left on base; Puerto Barrios 2 - Montego Bay 0 |
| BOTTOM OF THE 1ST |
|
Montego Bay Reefers batting - Pitching for Puerto Barrios Generals : RHP Brian Fisher
|
|
Pitching: RHP Brian Fisher
|
|
|
Batting: LHB Dion James
|
0-0: Ball 1-0: Ball 2-0: Ball 3-0: Called Strike 3-1: Swinging Strike 3-2: Base on Balls
|
|
Batting: RHB Darryl Motley
|
0-0: Ball 1-0: Ball 2-0: Called Strike Dion James steals 2nd base 2-1: Called Strike 2-2: Ball 3-2: Fly out, F9 (Flyball, 9, EV 95.0 MPH)
|
|
Batting: RHB Brook Jacoby
|
0-0: Called Strike 0-1: Foul Ball, location: 2F 0-2: Ball 1-2: Fly out, F4 (Popup, 4D, EV 42.5 MPH)
|
|
Batting: RHB Jim Presley
|
0-0: Called Strike 0-1: Called Strike 0-2: Foul Ball, location: 2F 0-2: Ball 1-2: Ball 2-2: Ball 3-2: Foul Ball, location: 2F 3-2: Fly out, F7 (Flyball, 7D, EV 101.9 MPH)
|
| Bottom of the 1st over - 0 runs, 0 hits, 0 errors, 1 left on base; Puerto Barrios 2 - Montego Bay 0 |
| TOP OF THE 2ND |
|
Puerto Barrios Generals batting - Pitching for Montego Bay Reefers : RHP Luis Curet
|
|
Batting: LHB Clay Hill
|
0-0: Called Strike 0-1: Called Strike 0-2: Ball 1-2: Ball 2-2: Foul Ball, location: 2F 2-2: Foul Ball, location: 2F 2-2: Ball 3-2: DOUBLE (Line Drive, 78D, EV 112.5 MPH)
|
|
Batting: LHB Alex Mata
|
0-0: Ball 1-0: Ground out 6-3 (Groundball, 6D, EV 108.1 MPH)
|
|
Batting: LHB Andy Guerrero
|
0-0: Foul Ball, location: 2F 0-1: Ball 1-1: Ball 2-1: Ball 3-1: Base on Balls
|
|
Batting: RHB Mark Sproesser
|
0-0: Ball Clay Hill steals 3rd base Andy Guerrero to second 1-0: Ball 2-0: Ground out 4-3 (Groundball, 34D, EV 79.4 MPH) Clay Hill scores Andy Guerrero to third
|
|
Batting: LHB Ty Gainey
|
0-0: Ball 1-0: Fly out, F8 (Flyball, 8RD, EV 103.1 MPH)
|
| Top of the 2nd over - 1 run, 1 hit, 0 errors, 1 left on base; Puerto Barrios 3 - Montego Bay 0 |
| BOTTOM OF THE 2ND |
|
Montego Bay Reefers batting - Pitching for Puerto Barrios Generals : RHP Brian Fisher
|
|
Batting: RHB Alvaro Espinoza
|
0-0: Ball 1-0: Ground out 4-3 (Groundball, 34, EV 83.8 MPH)
|
|
Batting: RHB Barry Lyons
|
0-0: Fly out, F7 (Flyball, 78XD, EV 110.0 MPH)
|
|
Batting: RHB Phil Lombardi
|
0-0: Bunt missed! 0-1: Ball 1-1: Ball 2-1: Foul Ball, location: 2F 2-2: Strikes out looking
|
| Bottom of the 2nd over - 0 runs, 0 hits, 0 errors, 0 left on base; Puerto Barrios 3 - Montego Bay 0 |
| TOP OF THE 3RD |
|
Puerto Barrios Generals batting - Pitching for Montego Bay Reefers : RHP Luis Curet
|
|
Batting: LHB Randy Bush
|
0-0: Called Strike 0-1: Ball 1-1: Called Strike 1-2: SINGLE (Line Drive, 78S, EV 106.3 MPH)
|
|
Batting: LHB Pedro Rabassa
|
0-0: Ball 1-0: Called Strike 1-1: DOUBLE (Line Drive, 7LM, EV 110.6 MPH) Randy Bush to third
|
|
Batting: SHB Doug Baker
|
0-0: Called Strike 0-1: Called Strike 0-2: Ball 1-2: SINGLE (Groundball, 34S, EV 98.8 MPH) Randy Bush scores Pedro Rabassa to third Runner from 3rd tries for Home, SAFE, throw by RF to home
|
|
Batting: LHB Martino Martin
|
0-0: Called Strike 0-1: Called Strike 0-2: Strikes out swinging
|
|
Pitching: LHP Ken Dayley
|
|
|
Batting: LHB Clay Hill
|
0-0: Called Strike 0-1: Foul Ball, location: 2F 0-2: Ball 1-2: Foul Ball, location: 2F 1-2: Foul Ball, location: 2F 1-2: SINGLE (Groundball, 34D, EV 96.3 MPH) Doug Baker to second Runner from 2nd tries for 3rd, SAFE, no throw by RF
|
|
Batting: LHB Alex Mata
|
0-0: Ball 1-0: Foul Ball, location: 2F 1-1: Called Strike 1-2: Ball 2-2: Strikes out swinging
|
|
Batting: LHB Andy Guerrero
|
0-0: Called Strike 0-1: Fielders Choice at 2nd, U6 (Groundball, 6M, EV 101.3 MPH)
|
| Top of the 3rd over - 2 runs, 4 hits, 0 errors, 2 left on base; Puerto Barrios 5 - Montego Bay 0 |
| BOTTOM OF THE 3RD |
|
Montego Bay Reefers batting - Pitching for Puerto Barrios Generals : RHP Brian Fisher
|
|
Batting: LHB Matt Hall
|
0-0: Ball 1-0: Called Strike 1-1: Ball 2-1: Ball 3-1: Foul Ball, location: 2F 3-2: Foul Ball, location: 2F 3-2: Ground out 5-3 (Groundball, 5, EV 96.3 MPH)
|
|
Batting: RHB Antonio Quevedo
|
0-0: Called Strike 0-1: Called Strike 0-2: Ball 1-2: Ball 2-2: Ball 3-2: Base on Balls
|
|
Batting: LHB Dion James
|
0-0: Called Strike 0-1: Ball 1-1: Swinging Strike 1-2: Fielders Choice at 2nd, 3-6 (Groundball, 34S, EV 84.4 MPH)
|
|
Batting: RHB Darryl Motley
|
0-0: Fly out, F9 (Flyball, 9LS, EV 84.4 MPH)
|
| Bottom of the 3rd over - 0 runs, 0 hits, 0 errors, 1 left on base; Puerto Barrios 5 - Montego Bay 0 |
| TOP OF THE 4TH |
|
Puerto Barrios Generals batting - Pitching for Montego Bay Reefers : LHP Ken Dayley
|
|
Batting: RHB Mark Sproesser
|
0-0: Ball 1-0: Foul Ball, location: 2F 1-1: Called Strike 1-2: Ball 2-2: Strikes out swinging
|
|
Batting: LHB Ty Gainey
|
0-0: Called Strike 0-1: Called Strike 0-2: Ball 1-2: Strikes out swinging
|
|
Batting: LHB Randy Bush
|
0-0: Ball 1-0: Ball 2-0: Fly out, F8 (Flyball, 8LD, EV 94.4 MPH)
|
| Top of the 4th over - 0 runs, 0 hits, 0 errors, 0 left on base; Puerto Barrios 5 - Montego Bay 0 |
| BOTTOM OF THE 4TH |
|
Montego Bay Reefers batting - Pitching for Puerto Barrios Generals : RHP Brian Fisher
|
|
Batting: RHB Brook Jacoby
|
0-0: Ball 1-0: Ground out 4-3 (Groundball, 4, EV 76.9 MPH)
|
|
Batting: RHB Jim Presley
|
0-0: Ball 1-0: Ball 2-0: Called Strike 2-1: Ground out 5-3 (Groundball, 56, EV 94.4 MPH)
|
|
Batting: RHB Alvaro Espinoza
|
0-0: Ball 1-0: Ground out 1-3 (Groundball, 13, EV 68.8 MPH)
|
| Bottom of the 4th over - 0 runs, 0 hits, 0 errors, 0 left on base; Puerto Barrios 5 - Montego Bay 0 |
| TOP OF THE 5TH |
|
Puerto Barrios Generals batting - Pitching for Montego Bay Reefers : LHP Ken Dayley
|
|
Batting: LHB Pedro Rabassa
|
0-0: Called Strike 0-1: Foul Ball, location: 2F 0-2: Ball 1-2: Ball 2-2: Strikes out swinging
|
|
Batting: SHB Doug Baker
|
0-0: Ball 1-0: Fly out, F7 (Line Drive, 7, EV 88.1 MPH)
|
|
Batting: LHB Martino Martin
|
0-0: Ball 1-0: Called Strike 1-1: Swinging Strike 1-2: Foul Ball, location: 2F 1-2: Ball 2-2: Fly out, F9 (Line Drive, 9, EV 100.6 MPH)
|
| Top of the 5th over - 0 runs, 0 hits, 0 errors, 0 left on base; Puerto Barrios 5 - Montego Bay 0 |
| BOTTOM OF THE 5TH |
|
Montego Bay Reefers batting - Pitching for Puerto Barrios Generals : RHP Brian Fisher
|
|
Batting: RHB Barry Lyons
|
0-0: Swinging Strike 0-1: Ball 1-1: Ball 2-1: Swinging Strike 2-2: Foul Ball, location: 2F 2-2: Ball 3-2: Ground out 2-3 (Groundball, 2R, EV 66.3 MPH)
|
|
Batting: RHB Phil Lombardi
|
0-0: Called Strike 0-1: Fly out, F3 (Popup, 3SF, EV 82.5 MPH)
|
|
Batting: LHB Matt Hall
|
0-0: Ball 1-0: Ball 2-0: Foul Ball, location: 2F 2-1: Ball 3-1: Fly out, F7 (Flyball, 78S, EV 88.1 MPH)
|
| Bottom of the 5th over - 0 runs, 0 hits, 0 errors, 0 left on base; Puerto Barrios 5 - Montego Bay 0 |
| TOP OF THE 6TH |
|
Puerto Barrios Generals batting - Pitching for Montego Bay Reefers : LHP Ken Dayley
|
|
Batting: LHB Clay Hill
|
0-0: Ball 1-0: Swinging Strike 1-1: Swinging Strike 1-2: Strikes out swinging
|
|
Batting: LHB Alex Mata
|
0-0: Swinging Strike 0-1: Ball 1-1: Ball 2-1: Ball 3-1: Base on Balls
|
|
Pitching: LHP Stan Clarke
|
|
|
Batting: LHB Andy Guerrero
|
0-0: Ball 1-0: Foul Ball, location: 2F 1-1: Ball Alex Mata is caught stealing 2nd base 2-6 2-1: Swinging Strike 2-2: Ball 3-2: Strikes out swinging
|
| Top of the 6th over - 0 runs, 0 hits, 0 errors, 0 left on base; Puerto Barrios 5 - Montego Bay 0 |
| BOTTOM OF THE 6TH |
|
Montego Bay Reefers batting - Pitching for Puerto Barrios Generals : RHP Brian Fisher
|
|
Batting: RHB Antonio Quevedo
|
0-0: Ball 1-0: Swinging Strike 1-1: SINGLE (Groundball, 4S, EV 69.4 MPH) (infield hit)
|
|
Batting: LHB Dion James
|
0-0: Foul Ball, location: 2F 0-1: Called Strike 0-2: Strikes out swinging
|
|
Batting: RHB Darryl Motley
|
0-0: Ball 1-0: Ball Wild Pitch! Antonio Quevedo to second 2-0: Fly out, F8 (Line Drive, 8LM, EV 95.0 MPH)
|
|
Batting: RHB Brook Jacoby
|
0-0: Swinging Strike 0-1: Ball 1-1: Ball 2-1: Ground out 4-3 (Groundball, 4, EV 90.0 MPH)
|
| Bottom of the 6th over - 0 runs, 1 hit, 0 errors, 1 left on base; Puerto Barrios 5 - Montego Bay 0 |
| TOP OF THE 7TH |
|
Puerto Barrios Generals batting - Pitching for Montego Bay Reefers : LHP Stan Clarke
|
|
Batting: RHB Mark Sproesser
|
0-0: Swinging Strike 0-1: Ball 1-1: Swinging Strike 1-2: Strikes out swinging
|
|
Batting: LHB Ty Gainey
|
0-0: Ball 1-0: Ball 2-0: Called Strike 2-1: Swinging Strike 2-2: Foul Ball, location: 2F 2-2: Strikes out swinging
|
|
Batting: LHB Randy Bush
|
0-0: Called Strike 0-1: Foul Ball, location: 2F 0-2: Ball 1-2: Strikes out swinging
|
| Top of the 7th over - 0 runs, 0 hits, 0 errors, 0 left on base; Puerto Barrios 5 - Montego Bay 0 |
| BOTTOM OF THE 7TH |
|
Montego Bay Reefers batting - Pitching for Puerto Barrios Generals : RHP Brian Fisher
|
|
Batting: RHB Jim Presley
|
0-0: Swinging Strike 0-1: SINGLE (Flyball, 34D, EV 91.9 MPH)
|
|
Batting: RHB Alvaro Espinoza
|
0-0: Called Strike Jim Presley steals 2nd base 0-1: Fly out, F8 (Flyball, 8RS, EV 88.8 MPH)
|
|
Batting: RHB Barry Lyons
|
0-0: Ground out 4-3 (Groundball, 4, EV 101.9 MPH) Jim Presley to third
|
|
Batting: RHB Phil Lombardi
|
0-0: Called Strike 0-1: Ball 1-1: Foul Ball, location: 2F 1-2: Strikes out looking
|
| Bottom of the 7th over - 0 runs, 1 hit, 0 errors, 1 left on base; Puerto Barrios 5 - Montego Bay 0 |
| TOP OF THE 8TH |
|
Puerto Barrios Generals batting - Pitching for Montego Bay Reefers : LHP Stan Clarke
|
|
Batting: LHB Pedro Rabassa
|
0-0: Ball 1-0: Called Strike 1-1: Called Strike 1-2: Strikes out swinging
|
|
Batting: SHB Doug Baker
|
0-0: Ball 1-0: Ball 2-0: Ball 3-0: Base on Balls
|
|
Pitching: RHP Jorge Solano
|
|
|
Batting: LHB Martino Martin
|
0-0: Ball 1-0: Foul Ball, location: 2F 1-1: Grounds into double play, 6-4-3 (Groundball, 6D, EV 98.8 MPH)
|
| Top of the 8th over - 0 runs, 0 hits, 0 errors, 0 left on base; Puerto Barrios 5 - Montego Bay 0 |
| BOTTOM OF THE 8TH |
|
Montego Bay Reefers batting - Pitching for Puerto Barrios Generals : RHP Brian Fisher
|
|
Batting: LHB Matt Hall
|
0-0: Ball 1-0: Called Strike 1-1: Swinging Strike 1-2: Strikes out swinging
|
|
Batting: RHB Antonio Quevedo
|
0-0: Fly out, F8 (Flyball, 8LM, EV 83.8 MPH)
|
|
Batting: LHB Dion James
|
0-0: Called Strike 0-1: Ball 1-1: SINGLE (Line Drive, 78S, EV 92.5 MPH)
|
|
Batting: RHB Darryl Motley
|
0-0: Swinging Strike 0-1: Called Strike 0-2: Strikes out looking
|
| Bottom of the 8th over - 0 runs, 1 hit, 0 errors, 1 left on base; Puerto Barrios 5 - Montego Bay 0 |
| TOP OF THE 9TH |
|
Puerto Barrios Generals batting - Pitching for Montego Bay Reefers : RHP Jorge Solano
|
|
Batting: LHB Clay Hill
|
0-0: Called Strike 0-1: Swinging Strike 0-2: SINGLE (Line Drive, 4MD, EV 98.1 MPH)
|
|
Batting: LHB Alex Mata
|
0-0: Foul Ball, location: 2F 0-1: Called Strike 0-2: Ball 1-2: Ball 2-2: SINGLE (Line Drive, 56D, EV 95.0 MPH) Clay Hill to second
|
|
Batting: LHB Andy Guerrero
|
0-0: Sac Bunt to 56S - play at third, runner OUT! 1-6 Alex Mata to second
|
|
Batting: RHB Mark Sproesser
|
0-0: SINGLE (Groundball, 6MS, EV 68.8 MPH) (infield hit) Alex Mata to third Andy Guerrero to second
|
|
Batting: LHB Ty Gainey
|
0-0: Ball 1-0: Ball 2-0: Ball 3-0: Called Strike 3-1: Called Strike 3-2: Strikes out swinging
|
|
Batting: LHB Randy Bush
|
0-0: Swinging Strike 0-1: Ball 1-1: Called Strike 1-2: Hit by Pitch Alex Mata scores Andy Guerrero to third Mark Sproesser to second
|
|
Batting: LHB Pedro Rabassa
|
0-0: Called Strike 0-1: Swinging Strike 0-2: Foul Ball, location: 2F 0-2: Strikes out swinging
|
| Top of the 9th over - 1 run, 3 hits, 0 errors, 3 left on base; Puerto Barrios 6 - Montego Bay 0 |
| BOTTOM OF THE 9TH |
|
Montego Bay Reefers batting - Pitching for Puerto Barrios Generals : RHP Brian Fisher
|
|
Batting: RHB Brook Jacoby
|
0-0: Foul Ball, location: 2F 0-1: SINGLE (Line Drive, 3D, EV 97.5 MPH)
|
|
Batting: RHB Jim Presley
|
0-0: Called Strike 0-1: Fly out, F6 (Popup, 6M, EV 51.3 MPH)
|
|
Batting: RHB Alvaro Espinoza
|
0-0: Reached on error, E6 (Groundball, 6, EV 90.0 MPH) Brook Jacoby to second
|
|
Batting: RHB Barry Lyons
|
0-0: Called Strike 0-1: Ball 1-1: Reached on error, E3 (Groundball, 34S, EV 85.6 MPH) Brook Jacoby to third Alvaro Espinoza to second
|
|
Batting: RHB Phil Lombardi
|
0-0: Foul Ball, location: 2F 0-1: Ball 1-1: Ball 2-1: Foul Ball, location: 2F 2-2: Ball 3-2: Grounds into double play, 3-6-3 (Groundball, 13, EV 85.6 MPH)
|
| Bottom of the 9th over - 0 runs, 1 hit, 2 errors, 2 left on base; Puerto Barrios 6 - Montego Bay 0 |
|